 Dungeon Crawl Stone Soup version 0.27-a0-824-gca8104f8d5 (webtiles) character file.

Game seed: 8959887959488360375

93 EnegeticOcto the Ruffian (level 4, -3/44 HPs)
             Began as a Troll Warper on Mar 30, 2021.
             Slain by an ogre
             ... wielding a +0 giant club
              (7 damage)
             ... on level 5 of the Dungeon.
             The game lasted 00:02:32 (438 turns).

EnegeticOcto the Ruffian (Troll Warper)              Turns: 438, Time: 00:02:33

Health: -3/44      AC:  4    Str: 19    XL:     4   Next: 37%
Magic:  4/4        EV:  9    Int: 10    God:
Gold:   82         SH:  0    Dex:  9    Spells: 5/5 levels left

rFire    . . .     SeeInvis .     - Unarmed
rCold    . . .     Faith    .   (no shield)
rNeg     . . .     Spirit   .   a - +0 robe
rPois    .         Reflect  .   (helmet restricted)
rElec    .         Harm     .   (no cloak)
rCorr    .         Rampage  .   (gloves unavailable)
Will     .....                  (boots unavailable)
Stlth    +.........             (no amulet)
HPRegen  1.14/turn              (no ring)
MPRegen  0.09/turn              (no ring)

@: no status effects
A: large, unfitting armour, claws 3, regeneration 1, shaggy fur 1, tough skin 1
a: no special abilities


You were on level 5 of the Dungeon.
You visited 1 branch of the dungeon, and saw 5 of its levels.

You collected 82 gold pieces.

Inventory:

Missiles
 d - 5 boomerangs of dispersal
 g - 3 poisoned darts
 h - 9 boomerangs (quivered)
 k - a throwing net {!f}
Armour
 a - a +0 robe (worn)
Wands
 i - a wand of paralysis (5)
   (You found it on level 3 of the Dungeon)
 l - a wand of digging (4) {@v3}
   (You found it on level 4 of the Dungeon)
Scrolls
 c - a scroll of blinking {@r4}
 f - 2 scrolls of holy word
 j - a scroll of enchant weapon
Potions
 e - a potion of ambrosia {unknown}


   Skills:
 + Level 2.5 Fighting
 - Level 0.8 Throwing
 - Level 1.9 Dodging
 * Level 4.0 Unarmed Combat
 - Level 1.2 Spellcasting
 - Level 2.1 Translocations


You had 5 spell levels left.
You didn't know any spells.
Your spell library contained the following spells:

 Spells                   Type           Power      Damage    Failure   Level
 Blink                    Tloc           N/A        N/A       21%         2
 Corona                   Hex            0%         N/A       34%         1
 Gell's Gravitas          Tloc           2%         N/A       38%         3
 Lesser Beckoning         Tloc           2%         N/A       38%         3
 Teleport Other           Tloc           5%         N/A       38%         3
 Ensorcelled Hibernation  Hex/Ice        0%         N/A       45%         2
 Confusing Touch          Hex            0%         N/A       71%         3
 Dazzling Flash           Conj/Hex       0%         N/A       71%         3
 Tukima's Dance           Hex            0%         N/A       71%         3
 Manifold Assault         Tloc           5%         N/A       98%         5


Dungeon Overview and Level Annotations

Branches:
Dungeon (5/15)
 Temple: D:4-7

Altars:


Innate Abilities, Weirdness & Mutations

You are too large for most types of armour.
You have claws for hands.
Your natural rate of healing is unusually fast.
You are covered in fur. (AC +1)
You have tough skin. (AC +1)


Message History

Found a throwing net.
You barely miss the kobold. The kobold completely misses you.
You claw the kobold!
You kill the kobold!
No target in view!
No target in view!
No target in view!
No target in view!
Things that are here:
a +0 club; a stone; a kobold corpse You now have 67 gold pieces (gained 17).
k - a throwing net {!f}
Found a shiny ivory wand.
l - a wand of digging (4) {@v3}
(D) Dungeon
Where to? (Enter - D:4, ? - help)
There is a stone staircase leading down here.
You climb downwards.
Found a scroll labelled BEMARI RIGUN.
There is a stone staircase leading up here.
j - 2 scrolls labelled BEMARI RIGUN (gained 1)
As you read the scroll labelled BEMARI RIGUN, it crumbles to dust.
It is a scroll of enchant weapon.
You aren't carrying any weapons that can be enchanted.
As you read the scroll labelled YKKEMO JAEK, it crumbles to dust.
The scroll dissolves into smoke.
It was a scroll of fog.
As you read the scroll labelled PICUPRE UMNYNI, it crumbles to dust.
You speak a Word of immense power!
It was a scroll of holy word.
Okay, then.
Found 23 stones.
Found 14 arrows.
Found a stone staircase leading down.
You see here 23 stones.
Found a book of Maledictions.
There is a stone staircase leading down here.
Found 10 gold pieces.
Found 15 gold pieces.
Found an escape hatch in the floor.
Really walk into that teleport trap?
Okay, then.
A hound comes into view.
The hound barks!
Found a ring mail.
You see here 15 gold pieces.
You now have 82 gold pieces (gained 15).
Throw: 9 boomerangs
Press: ? - help, Q - select action, (/) - cycle Shift-Dir - straight line, f - hound
Aim: a hound (41% to hit)
You throw a boomerang. The boomerang barely misses the hound.
Throw: 9 boomerangs
Press: ? - help, Q - select action, (/) - cycle Shift-Dir - straight line, f/p - hound
Aim: a hound (41% to hit)
You throw a boomerang. The boomerang closely misses the hound.
You scratch the hound.
The hound is lightly wounded.
The hound barely misses you. The hound bites you.
You claw the hound!
You kill the hound!
Your Unarmed Combat skill increases to level 4!
You have reached level 4!
An ogre comes into view. It is wielding a +0 giant club.
The ogre shouts!
Throw: 9 boomerangs
Press: ? - help, Q - select action, (/) - cycle Shift-Dir - straight line, f - ogre
Aim: an ogre, wielding a +0 giant club (71% to hit)
You throw a boomerang. The boomerang hits the ogre.
The ogre is lightly wounded.
Throw: 9 boomerangs
Press: ? - help, Q - select action, (/) - cycle Shift-Dir - straight line, f/p - ogre
Aim: an ogre, wielding a +0 giant club (lightly wounded, 71% to hit)
You throw a boomerang. The boomerang barely misses the ogre.
Throw: 9 boomerangs
Press: ? - help, Q - select action, (/) - cycle Shift-Dir - straight line, f/p - ogre
Aim: an ogre, wielding a +0 giant club (lightly wounded, 71% to hit)
You throw a boomerang. The boomerang barely misses the ogre.
The ogre completely misses you.
You claw the ogre!
The ogre is heavily wounded.
A phantom comes into view.
You scratch the ogre.
The ogre is severely wounded.
The ogre hits you with a +0 giant club!
You are too injured to fight recklessly!
You are too injured to fight recklessly!
You closely miss the ogre.
The ogre is severely wounded.
The ogre barely misses you.
You barely miss the ogre.
The ogre is severely wounded.
You barely miss the ogre.
The ogre is severely wounded.
The ogre barely misses you.
You closely miss the ogre.
The ogre is severely wounded.
The ogre hits you with a +0 giant club!!
Ouch! That really hurt!
* * * LOW HITPOINT WARNING * * *
You barely miss the ogre.
The ogre is severely wounded.
The ogre hits you with a +0 giant club!
You die...

#.....###
#...†...#####
#..>#........ .
#............
..#
#...........#
....##
#........#.##
#...###.......##
.# #......^...##
..# #.O@......##
.... #W.##.....#
#.... #..#
#.....##.... ##
...# ##....#...#
... ....#
#.>.....# #...
.... ##(.....#
#.... ...
#......###....
#. #...#...##..#
#...####.(...# .


You could see a phantom and an ogre.

Vanquished Creatures
  A hound (D:5)
  An orc priest (D:3)
  An adder (D:4)
  A dart slug (D:1)
  8 orcs
  An endoplasm (D:4)
  A giant cockroach (D:3)
  A goblin (D:4)
  A quokka (D:2)
  A frilled lizard (D:2)
  4 kobolds
21 creatures vanquished.

Vanquished Creatures (others)
  A frilled lizard (D:1)
1 creature vanquished.

Grand Total: 22 creatures vanquished

Notes
Turn   | Place    | Note
-------+----------+-------------------------------------------
     0 | D:1      | EnegeticOcto the Troll Warper began the quest for the Orb.
     0 | D:1      | Reached XP level 1. HP: 19/19 MP: 1/1
    69 | D:1      | You fall into a shaft and drop 1 floor!
   181 | D:3      | Reached XP level 2. HP: 28/28 MP: 2/2
   189 | D:3      | Reached skill level 2 in Fighting
   189 | D:3      | Reached skill level 3 in Unarmed Combat
   189 | D:3      | Reached XP level 3. HP: 23/35 MP: 3/3
   377 | D:5      | Entered Level 5 of the Dungeon
   423 | D:5      | Reached skill level 4 in Unarmed Combat
   423 | D:5      | Reached XP level 4. HP: 44/44 MP: 4/4
   427 | D:5      | Noticed an ogre
   432 | D:5      | Noticed a phantom
   438 | D:5      | Slain by an ogre

Illustrated notes

Levels and vault maps discovered:
D:1:      psy_arrival_dodecagon, layout_basic
D:2:      layout_loops_corners
D:3:      layout_rooms, uniq_ijyb
D:4:      layout_loops_ring, minmay_temple_entry_mist, kennysheep_generic_room_9
D:5:      layout_layer_cave

Skill      XL: |  1  2  3 |
---------------+----------+-----
Fighting       | 2 |  2.5
Unarmed Combat | 3 4 |  4.0
Throwing       | |  0.8
Dodging        | |  1.9
Spellcasting   | |  1.2
Translocations | |  2.1

Action                   |  1- 3 |  4- 6 || total
-------------------------+-------+-------++-------
Melee: Unarmed           |    58 |     7 ||    65
Throw: Boomerang         |    12 |     3 ||    15
  Use: Scroll            |     3 |       ||     3
Armor: Robe              |     6 |       ||     6
Dodge: Dodged            |    27 |     3 ||    30

Table legend: (Time is in decaauts)
 A = Elapsed time spent in this place.
 B = Non-inter-level travel time spent in this place.
 C = Inter-level travel time spent in this place.
 D = Time resting spent in this place.
 E = Time spent auto-exploring this place.
 F = Levels seen in this place.
 G = Mean time per level.
                   A        B        C        D        E       F      G
               +--------+--------+--------+--------+--------+-----+--------+
         Total |    439 |    418 |     21 |      0 |      0 |   5 |   87.8 |
       Dungeon |    439 |    418 |     21 |      0 |      0 |   5 |   87.8 |
               +--------+--------+--------+--------+--------+-----+--------+

Top non-repeatable levels by time:
     D:4: 130 daAuts
     D:2: 114 daAuts
     D:3: 99 daAuts
     D:5: 61 daAuts
     D:1: 33 daAuts
